 Dungeon Crawl Stone Soup version 0.17.2-1-ge4368a0 (webtiles) character file.

220 daftwullie the Cudgeler (level 5, 0/53 HPs)
             Began as an Ogre Warper on Feb 27, 2017.
             Succumbed to poison (a potion of poison)
             ... on level 4 of the Dungeon.
             The game lasted 00:20:51 (3237 turns).

daftwullie the Cudgeler (Ogre Warper)               Turns: 3237, Time: 00:20:51

Health: 0/53       AC:  4    Str: 16    XL:     5   Next: 97%
Magic:  6/19       EV: 10    Int: 13    God:
Gold:   182        SH:  0    Dex:  9    Spells: 3 memorised, 5 levels left

rFire  . . .     SeeInvis .     a - +1 mace
rCold  . . .     Clarity  .     b - +0 robe
rNeg   . . .     SustAt   .     (no shield)
rPois  .         Gourm    .     (helmet restricted)
rElec  .         Spirit   .     p - +0 cloak
rCorr  +         Warding  .     (gloves unavailable)
rMut   .         Stasis   .     (boots unavailable)
MR     .....                    v - amulet of resist corrosion
Stlth  +.........               (no ring)
                                x - ring of magical power

@: lethally poisoned (0 -> -17), very slightly contaminated, not resistant to
hostile enchantments, very unstealthy
A: unfitting armour, tough skin 1
a: no special abilities


You were on level 4 of the Dungeon.
You were very hungry.

You visited 1 branch of the dungeon, and saw 4 of its levels.

You collected 182 gold pieces.

Inventory:

Hand Weapons
 a - a +1 mace (weapon)
 y - a cursed -2 short sword
Missiles
 e - 5 tomahawks of dispersal
 g - 143 stones
 h - 27 sling bullets
 r - 5 javelins (quivered)
Armour
 b - a +0 robe (worn)
 p - a +0 cloak (worn)
Jewellery
 v - an amulet of resist corrosion (around neck)
 x - a ring of magical power (left hand)
Wands
 w - a wand of paralysis (15)
Scrolls
 d - 2 scrolls of blinking
 i - a scroll of remove curse
 k - a scroll of enchant weapon
 m - 2 scrolls of identify
 n - a scroll of recharging {unknown}
 o - 2 scrolls of teleportation {unknown}
 B - a scroll of amnesia {unknown}
Potions
 j - a potion of magic {unknown}
 l - a potion of brilliance {unknown}
 q - a potion of might
 s - 3 potions of poison
 t - a potion of lignification {unknown}
 u - a potion of cancellation
 z - a potion of agility {unknown}
Books
 c - a book of Spatial Translocations

   Spells                             Type                      Level
   a - Apportation                    Translocation                1
   b - Blink                          Translocation                2
   c - Shroud of Golubria             Charms/Translocation         2
   d - Portal Projectile              Translocation                3
   e - Teleport Other                 Translocation                3
   f - Passage of Golubria            Translocation                4
Comestibles
 f - 2 bread rations
 A - a beef jerky


   Skills:
 + Level 3.5 Fighting
 * Level 5.1 Maces & Flails
 * Level 2.3 Throwing
 - Level 2.1 Dodging
 * Level 3.4 Spellcasting
 + Level 0.4 Charms
 * Level 2.8 Translocations


You had 5 spell levels left.
You knew the following spells:

 Your Spells              Type           Power        Failure   Level  Hunger
a - Apportation           Tloc           #.........   10%         1    #......
b - Blink                 Tloc           N/A          12%         2    ##.....
c - Shroud of Golubria    Chrm/Tloc      #.........   17%         2    ##.....


Dungeon Overview and Level Annotations

Branches:
Dungeon (4/15)
 Temple: D:4-7

Altars:
Ashenzari
Kikubaaqudgha
Makhleb
Nemelex Xobeh
Qazlal
Ru
Yredelemnul


Innate Abilities, Weirdness & Mutations

You are too large for most types of armour.
You have tough skin (AC +1).


Message History

It was a potion of cancellation.
Your magical effects are unravelling.
Your magical contamination has completely faded away.
You feel magically purged.
You feel a little less mighty now.
* * * LOW HITPOINT WARNING * * *
You feel sick.
Casting: Blink
Confirm with . or Enter, or press ? or * to list all spells.
You miscast Blink.
You are very lightly contaminated with residual magic.
Nothing appears to happen.
You are feeling very hungry.
* * * LOW HITPOINT WARNING * * *
You feel sick.
The worker ant bites you but does no damage.
Casting: Blink
Confirm with . or Enter, or press ? or * to list all spells.
You blink.
You die...

####### #..(..#
############
#.#######..........#
###
#.>.a§....#.....##.#
#..
#.#######.@####.##.#
#.# ...#
###...###.....# #)#
#.###
#..........##.######.#
#.
#.#...##...........[.#
#
...##.###.#.##.#)......
#.##
#.##.....#.#.###### #
#..........#.# #
####...#.#.#.# #
##.##.....# #


You could see a worker ant.

Vanquished Creatures
  An ice beast (D:2)
  5 adders
  An ooze (D:1)
  A worm (D:2)
  2 giant geckos
  7 orcs
  2 ball pythons
  6 goblins
  9 hobgoblins
  4 jackals (D:2)
  7 kobolds
  11 bats
  3 giant cockroaches
  4 giant newts
  A jackal skeleton (D:4)
  A quokka (D:3)
  9 rats
  A spectral orc (D:2)
75 creatures vanquished.

Notes
Turn   | Place    | Note
--------------------------------------------------------------
     0 | D:1      | daftwullie the Ogre Warper began the quest for the Orb.
     0 | D:1      | Reached XP level 1. HP: 22/22 MP: 3/3
   101 | D:1      | Reached XP level 2. HP: 26/29 MP: 5/5
   105 | D:1      | Learned a level 2 spell: Blink
   108 | D:1      | Learned a level 2 spell: Shroud of Golubria
   570 | D:2      | Found a stormy altar of Qazlal.
   574 | D:2      | Found a sparkling altar of Nemelex Xobeh.
   574 | D:2      | Found a burning altar of Makhleb.
   577 | D:2      | Found an ancient bone altar of Kikubaaqudgha.
   602 | D:2      | Reached skill level 3 in Maces & Flails
   663 | D:2      | Reached XP level 3. HP: 29/36 MP: 6/6
   738 | D:2      | Found a sacrificial altar of Ru.
  1658 | D:2      | Reached XP level 4. HP: 45/45 MP: 8/8
  1764 | D:2      | Found a basalt altar of Yredelemnul.
  2084 | D:2      | Noticed an ice beast
  2099 | D:2      | Killed an ice beast
  2099 | D:2      | Reached skill level 4 in Maces & Flails
  2099 | D:2      | Reached XP level 5. HP: 53/53 MP: 9/9
  2486 | D:3      | Reached skill level 5 in Maces & Flails
  2792 | D:3      | Found a shattered altar of Ashenzari.
  3236 | D:4      | HP: 2/53 [poison (a potion of poison)]
  3237 | D:4      | Succumbed to poison (a potion of poison)

Action                   |  1- 3 |  4- 6 || total
-------------------------+-------+-------++-------
Melee: Mace              |   142 |   112 ||   254
Throw: Stone             |    20 |       ||    20
       Javelin           |     5 |     8 ||    13
 Cast: Shroud of Golubri |     5 |    11 ||    16
       Apportation       |       |     2 ||     2
       Blink             |       |     2 ||     2
  Use: Scroll            |     3 |       ||     3
       Potion            |       |     3 ||     3
 Stab: Sleeping          |     1 |       ||     1
  Eat: Chunk             |     3 |     5 ||     8
